 Dungeon Crawl Stone Soup version 0.29.1-12-g30fa7ad0bf (webtiles) character file.

Game seed: 18047925297292169731

395414 LustLizard the Axe Maniac (level 22, -3/203 HPs)
             Began as a Minotaur Monk on Jan 4, 2023.
             Was a Priest of Cheibriados.
             Killed by the air
             ... invoked by a titan
              (12 damage)
             ... on level 2 of the Depths on Jan 5, 2023.
             The game lasted 02:25:39 (50118 turns).

LustLizard the Axe Maniac (Minotaur Monk)          Turns: 50118, Time: 02:25:39

Health: -3/203     AC: 30    Str: 34      XL:     22   Next: 17%
Magic:  22/31      EV: 26    Int: 25 (26) God:    Cheibriados [***...]
Gold:   3340       SH: 21    Dex: 33      Spells: 35/35 levels left

rFire   + . .      SeeInvis .   f - +3 war axe (freeze)
rCold   . . .      Faith    .   S - +5 kite shield {reflect}
rNeg    + . .      Spirit   .   B - +4 chain mail of Ferocious Knowledge {Will+ Int+4 Slay+3}
rPois   +          Reflect  +   M - +2 hat {Int+3}
rElec   .          Harm     .   m - +2 cloak {rPois}
rCorr   +          Rampage  .   s - +2 pair of gloves {Dex+3}
Will    +++..                   q - +2 pair of boots {Fly}
Stlth   +.........              N - amulet "Wukh" {RegenMP rF+ rN+ rCorr Stlth+}
HPRegen 0.43/turn               x - ring "Asaergho" {rPois Will+ Dex+6}
MPRegen 0.62/turn               W - +6 ring of strength

@: flying, studying 2 skills, very slow
A: horns 2, retaliatory headbutt
}: 2/15 runes: serpentine, barnacled
a: Renounce Religion, Bend Time, Temporal Distortion


You were on level 2 of the Depths.
You worshipped Cheibriados.
Cheibriados was most pleased with you.
You visited 9 branches of the dungeon, and saw 40 of its levels.
You visited the Abyss 1 time.
You visited 1 bazaar.
You also visited: Bailey, Ice Cave and Wizlab.

You collected 6063 gold pieces.
You spent 2723 gold pieces at shops.

Inventory:

Hand Weapons
 f - a +3 war axe of freezing (weapon)
Missiles
 d - 17 javelins
 e - 32 poisoned darts
 n - 4 curare-tipped darts
 A - 4 throwing nets
 J - 4 silver javelins
 X - 26 boomerangs (quivered)
Armour
 j - the +3 plate armour of the Old World {rF+}
   (You found it on level 4 of the Shoals)

   rF:        It protects you from fire.
 m - a +2 cloak of poison resistance (worn)
 q - a +2 pair of boots of flying (worn)
 s - a +2 pair of gloves of dexterity (worn)
 y - the +1 chain mail of Yzaedwetz {rN+ Will+ Regen+ Int-3}
   (You bought it in a shop in a bazaar)

   Int:       It affects your intelligence (-3).
   rN:        It protects you from negative energy.
   Regen:     It increases your rate of health regeneration.
   Will:      It increases your willpower.
 B - the +4 chain mail of Ferocious Knowledge (worn) {Will+ Int+4 Slay+3}
   (You found it on level 1 of the Depths)

   Int:       It affects your intelligence (+4).
   Slay:      It affects your accuracy & damage with ranged weapons and melee
   (+3).
   Will:      It increases your willpower.
 M - a +2 hat of intelligence (worn)
 S - a +5 kite shield of reflection (worn)
 Y - the -1 cloak of Ateatzic {rC++}
   (You found it on level 3 of the Vaults)

   rC:        It greatly protects you from cold.
Jewellery
 a - the ring of Biump {rF++ AC+4 Int-4}
   (You acquired it on level 2 of the Vaults)

   [ring of protection]

   AC:        It affects your AC (+4).
   Int:       It affects your intelligence (-4).
   rF:        It greatly protects you from fire.
 k - an amulet of reflection
 l - the ring of Wivenoc {rN+ Will+ MP+9}
   (You found it on level 3 of the Elven Halls)

   [ring of magical power]

   rN:        It protects you from negative energy.
   MP:        It affects your magic capacity (+9).
   Will:      It increases your willpower.
 x - the ring "Asaergho" (left hand) {rPois Will+ Dex+6}
   (You took it off a deep elf annihilator on level 3 of the Elven Halls)

   [ring of poison resistance]

   Dex:       It affects your dexterity (+6).
   rPois:     It protects you from poison.
   Will:      It increases your willpower.
 H - the ring of Zaotilu {*Slow rElec rCorr MP+9 Int+5}
   (You bought it in a shop on level 3 of the Elven Halls)

   [ring of magical power]

   Int:       It affects your intelligence (+5).
   rElec:     It insulates you from electricity.
   MP:        It affects your magic capacity (+9).
   rCorr:     It protects you from acid and corrosion.
   *Slow:     It may slow you when you take damage.
 N - the amulet "Wukh" (around neck) {RegenMP rF+ rN+ rCorr Stlth+}
   (You took it off a deep elf death mage on level 3 of the Elven Halls)

   [amulet of magic regeneration]

   It increases your rate of magic regeneration.
   rF:        It protects you from fire.
   rN:        It protects you from negative energy.
   rCorr:     It protects you from acid and corrosion.
   Stlth:     It makes you more stealthy.
 V - a ring of protection from cold
 W - a +6 ring of strength (right hand)
Wands
 z - a wand of paralysis (18)
 F - a wand of mindburst (19)
 P - a wand of flame (44)
 Q - a wand of quicksilver (44)
 R - a wand of roots (29)
Scrolls
 c - 10 scrolls of enchant weapon
 g - 4 scrolls of teleportation
 i - 2 scrolls of fear
 o - 5 scrolls of blinking
 p - 6 scrolls of brand weapon
 t - 3 scrolls of silence
 v - 5 scrolls of magic mapping
 w - 2 scrolls of butterflies
 E - 9 scrolls of poison
 Z - 4 scrolls of enchant armour
Potions
 h - 4 potions of cancellation
 C - 14 potions of mutation
 D - 6 potions of lignification
 G - 3 potions of brilliance
 I - 7 potions of magic
 K - 5 potions of invisibility
 L - 11 potions of might
 O - 2 potions of resistance
 T - 4 potions of berserk rage
 U - 8 potions of curing
Miscellaneous
 b - a tin of tremorstones (2/2)
 r - a lightning rod (4/4)
 u - a box of beasts


   Skills:
 + Level 18.5 Fighting
 O Level 27 Axes
 * Level 16.3 Throwing
 - Level 15.0 Armour
 + Level 16.4 Dodging
 - Level 1.5 Stealth
 - Level 13.0 Shields
 + Level 7.3 Spellcasting
 - Level 13.0 Invocations
 + Level 9.9 Evocations


You had 35 spell levels left.
You didn't know any spells.
Your spell library contained the following spells:

 Spells                   Type           Power      Damage    Failure   Level
 Apportation              Tloc           18%        N/A       36%         1
 Beastly Appendage        Tmut           18%        N/A       36%         1
 Foxfire                  Conj/Fire      36%        2x1d5     36%         1
 Magic Dart               Conj           36%        1d4       36%         1
 Necrotise                Necr           36%        1d5       36%         1
 Sandblast                Erth           18%        2d7       36%         1
 Shock                    Conj/Air       36%        1d5       36%         1
 Slow                     Hex            36%        N/A       36%         1
 Summon Small Mammal      Summ           36%        N/A       36%         1
 Call Imp                 Summ           9%         N/A       50%         2
 Ensorcelled Hibernation  Hex/Ice        18%        N/A       50%         2
 Passwall                 Tmut/Erth      7%         N/A       50%         2
 Poisonous Vapours        Pois/Air       18%        N/A       50%         2
 Scorch                   Fire           18%        2d5       50%         2
 Searing Ray              Conj           18%        2d5       50%         2
 Static Discharge         Conj/Air       9%         3-5/arc   50%         2
 Sublimation of Blood     Necr           9%         N/A       50%         2
 Wereblood                Tmut           9%         N/A       50%         2
 Call Canine Familiar     Summ           9%         N/A       73%         3
 Confusing Touch          Hex            9%         N/A       73%         3
 Conjure Flame            Conj/Fire      9%         6-21      73%         3
 Dazzling Flash           Conj/Hex       18%        N/A       73%         3
 Frozen Ramparts          Ice            18%        1d3       73%         3
 Inner Flame              Hex/Fire       9%         N/A       73%         3
 Ozocubu's Armour         Ice            9%         N/A       73%         3
 Spider Form              Tmut/Pois      9%         N/A       73%         3
 Stone Arrow              Conj/Erth      18%        3d8       73%         3
 Summon Guardian Golem    Hex/Summ       9%         N/A       73%         3
 Swiftness                Air            9%         N/A       73%         3
 Vampiric Draining        Necr           9%         2d6       73%         3
 Airstrike                Air            4%         2d(1-17)  98%         4
 Animate Armour           Summ/Erth      18%        N/A       98%         4
 Animate Dead             Necr           9%         N/A       98%         4
 Cause Fear               Hex            4%         N/A       98%         4
 Corpse Rot               Necr/Pois/Air  9%         N/A       98%         4
 Dispel Undead            Necr           9%         3d8       98%         4
 Flame Wave               Conj/Fire      9%         2d6       98%         4
 Fulminant Prism          Conj/Hex       4%         3d6       98%         4
 Hailstorm                Conj/Ice       9%         3d4       98%         4
 Ice Form                 Ice/Tmut       9%         N/A       98%         4
 Iskenderun's Mystic Bla  Conj/Tloc      9%         2d4       98%         4
 Summon Ice Beast         Ice/Summ       9%         N/A       98%         4
 Agony                    Necr           9%         N/A       100%        5
 Alistair's Intoxication  Tmut/Pois      6%         N/A       100%        5
 Blade Hands              Tmut           4%         N/A       100%        5
 Borgnjor's Vile Clutch   Necr/Erth      4%         N/A       100%        5
 Fireball                 Conj/Fire      4%         3d4       100%        5
 Iskenderun's Battlesphe  Conj           9%         2d6       100%        5
 Lee's Rapid Deconstruct  Erth           4%         3d6*      100%        5
 Lightning Bolt           Conj/Air       4%         1d16      100%        5
 Summon Forest            Summ/Tloc      4%         N/A       100%        5
 Conjure Ball Lightning   Conj/Air       4%         3x3d6     100%        6
 Death Channel            Necr           4%         N/A       100%        6
 Dispersal                Tloc           4%         N/A       100%        6
 Eringya's Noxious Bog    Tmut/Pois      4%         N/A       100%        6
 Iron Shot                Conj/Erth      4%         9d2       100%        6
 Simulacrum               Ice/Necr       4%         N/A       100%        6
 Starburst                Conj/Fire      4%         6d4       100%        6
 Summon Cactus Giant      Summ           4%         N/A       100%        6
 Haunt                    Necr/Summ      4%         N/A       100%        7
 Malign Gateway           Summ/Tloc      4%         N/A       100%        7
 Orb of Destruction       Conj           4%         9d5       100%        7
 Ozocubu's Refrigeration  Ice            4%         4d8       100%        7
 Spellforged Servitor     Conj/Summ      4%         N/A       100%        7
 Summon Hydra             Summ           4%         N/A       100%        7
 Borgnjor's Revivificati  Necr           4%         N/A       100%        8
 Discord                  Hex            4%         N/A       100%        8
 Disjunction              Tloc           4%         N/A       100%        8
 Ignition                 Fire           4%         3d4       100%        8
 Infestation              Necr           4%         N/A       100%        8
 Maxwell's Capacitive Co  Air            4%         ∞         100%        8
 Necromutation            Tmut/Necr      4%         N/A       100%        8
 Summon Horrible Things   Summ           4%         N/A       100%        8
 Chain Lightning          Conj/Air       4%         3d6       100%        9
 Death's Door             Necr           4%         N/A       100%        9
 Fire Storm               Conj/Fire      4%         8d1       100%        9
 Shatter                  Erth           4%         3d8*      100%        9


Dungeon Overview and Level Annotations

Branches:
Dungeon (15/15)            Temple (1/1) D:5            Lair (5/5) D:8
 Shoals (4/4) Lair:3        Snake (4/4) Lair:2        Slime (0/5) Lair:4
    Orc (2/2) D:11            Elf (3/3) Orc:2        Vaults (4/5) D:13
  Crypt (0/3) Vaults:3     Depths (2/4) D:15         Bailey (visited)
  IceCv (visited)          WizLab (visited)

Altars:
Ashenzari
Cheibriados
Dithmenos
Elyvilon
Fedhas
Gozag
Hepliaklqana
Kikubaaqudgha
Makhleb
Nemelex Xobeh
Okawaru
Qazlal
Ru
Sif Muna
Trog
Uskayaw
Vehumet
Wu Jian
Yredelemnul
The Shining One

Shops:
D:12 *[   D:13 [   Orc:2 ![((!   Elf:3 =*   Shoals:2 [   Snake:2 !(?
Snake:3 (*:   Vaults:3 *

Portals:
Hell: Depths:1
Abyss: D:4

Annotations:
D:8 1 runed translucent door, bnorton916's ghost, novice DEFE
D:15 1 runed translucent door
Shoals:1 6 transporters


Innate Abilities, Weirdness & Mutations

You have a pair of horns on your head.
You reflexively headbutt those who attack you in melee.


Message History

The death yak gores you!!
* * * LOW HITPOINT WARNING * * *
You hit the spriggan berserker but do no damage.
You headbutt the spriggan berserker!
The spriggan berserker is moderately wounded.
You slash the death yak! You freeze the death yak.
You kill the death yak!
The death yak's corpse disappears in a puff of smoke!
Unknown command.
You miss the spriggan berserker. You headbutt the spriggan berserker!
The spriggan berserker is moderately wounded.
You slice the titan!! You freeze the titan!
A titan comes into view.
You block the titan's attack.
You block the spriggan berserker's attack.
Okay, then.
Unknown command.
Activating: Slouch (1% risk of failure)
Press: ? - help, Dir - look around, f - activate You can feel time thicken for a moment.
You kill the spriggan berserker!
Cheibriados appreciates the change of pace.
Cheibriados lowers the support of your attributes as your movement quickens.
The spriggan berserker hits you with a +0 war axe!
* * * LOW HITPOINT WARNING * * *
The titan waves its arms in wide circles.
The air twists around and strikes you!!
* * * LOW HITPOINT WARNING * * *
The titan hits you but does no damage.
Activating: Slouch (1% risk of failure)
Press: ? - help, Dir - look around, f - activate You can feel time thicken for a moment.
You kill the spriggan berserker!
Cheibriados appreciates the change of pace.
You can no longer inflict damage on those overly hasty.
Cheibriados lowers the support of your attributes as your movement quickens.
You block the titan's attack.
The titan waves its arms in wide circles.
The air twists around and strikes you!
You die...

.... ..)#
..).# ....#
C....#
###......#
#@C.......
#)>.......
..........
..........:
.##.........
.#
#######...
.. .. #. .


You could see 2 titans.

Vanquished Creatures
  Mennas (Vaults:4)
  Sojobo (Vaults:3)
  Bai Suzhen (Vaults:3)
  Vashnia (Snake:4)
  A caustic shrike (Depths:2)
  Nikola (Vaults:1)
  Jorgrun (D:15)
  Mlioglotl (Shoals:4)
  A tentacled monstrosity (Depths:2)
  A lich (Vaults:4)
  3 deep elf blademasters
  2 titans
  5 deep elf master archers (Elf:3)
  A tentacled starspawn (WizLab)
  Gastronok (D:10)
  3 sphinxes (Vaults:3)
  5 tengu reavers
  Kirke (D:12)
  Donald (Snake:1)
  9 nagarajas
  3 fire giants
  2 storm dragons
  5 frost giants
  Louise (Snake:4)
  3 orc warlords
  6 deep elf sorcerers (Elf:3)
  A ghost moth (WizLab)
  A balrug (Depths:1)
  Aizul (Snake:2)
  2 deep elf elementalists (Elf:3)
  A spriggan defender (Depths:2)
  10 ironbound preservers
  14 vault wardens
  7 stone giants
  14 very ugly things
  2 vampire knights
  3 deep elf demonologists
  5 ironbound thunderhulks
  3 demonspawn corrupters (WizLab)
  11 dire elephants
  4 spark wasps (Depths:2)
  Azrael (D:13)
  5 deep elf annihilators (Elf:3)
  2 entropy weavers
  A white draconian (IceCv)
  6 ettins
  4 merfolk impalers
  9 deep elf death magi
  A crystal guardian (Vaults:4)
  9 yaktaur captains
  5 fire dragons
  7 deep elf high priests
  5 merfolk javelineers
  2 jiangshi (Depths:1)
  3 great orbs of eyes
  3 hell beasts (Depths:1)
  5 vault guards
  4 ice dragons
  5 salamander tyrants
  6 hydras
  7 boulder beetles
  Erolcha (D:13)
  Fannar (D:11)
  5 merfolk avatars
  3 ogre magi
  2 peacekeepers
  2 alligator snapping turtles
  8 merfolk aquamancers
  7 naga warriors
  6 centaur warriors
  10 ironbound frosthearts
  A satyr (Shoals:2)
  10 two-headed ogres
  7 anacondas
  23 dancing weapons
  A vampire mage (Depths:1)
  2 deep troll shamans
  4 hell hogs (Depths:1)
  A tengu warrior (Depths:2)
  6 death yaks (Lair:4)
  2 deep troll earth magi
  8 orc high priests (Orc:2)
  Urug (D:10)
  2 shock serpents
  4 spriggan berserkers (Depths:2)
  2 sun demons (Depths:1)
  10 naga sharpshooters
  Sonja (D:10)
  10 deep elf knights
  2 iron trolls
  2 skeletal warriors
  Amaemon (D:9)
  7 salamander mystics
  A spriggan druid (WizLab)
  2 soul eaters (Depths:1)
  A tengu zombie (Vaults:2)
  A flayed ghost (Depths:2)
  25 deep trolls
  15 sea snakes
  9 deep elf archers
  4 glowing orange brains (Depths:2)
  A swamp dragon (Lair:5)
  22 ironbound convokers
  6 naga ritualists
  16 wizards
  25 harpies
  A phantasmal warrior (Vaults:4)
  3 necromancers
  9 orc knights
  10 lindwurms
  15 salamanders
  45 ugly things
  29 deep elf pyromancers
  An oklob plant (Lair:5)
  20 deep elf zephyrmancers
  7 manticores
  8 mana vipers
  An orc sorcerer (Elf:2)
  A stone giant zombie (Vaults:2)
  2 cyclopes
  6 fauns
  A moth of wrath (D:13)
  6 worldbinders (WizLab)
  7 elephants
  A guardian serpent (Snake:2)
  Maurice (D:9)
  4 merfolk sirens
  2 ice statues (IceCv)
  8 cane toads
  7 water nymphs
  38 black mambas
  17 vault sentinels
  3 smoke demons (Depths:1)
  An orange demon (D:9)
  20 naga magi
  3 centaur skeletons (D:13)
  2 gargoyles
  2 torpor snails
  3 efreet
  An unseen horror (D:10)
  A freezing wraith (Vaults:4)
  26 yaktaurs
  7 komodo dragons
  4 rime drakes
  25 merfolk
  2 ice devils (Lair:5)
  5 trolls
  2 tengu conjurers
  A merfolk (shapeshifter) (Elf:2)
  11 polar bears
  Prince Ribbit (D:6)
  20 slime creatures
  2 wind drakes
  21 blink frogs
  A tyrant leech (D:13)
  2 raiju (Lair:5)
  A large abomination (Abyss:1)
  3 dream sheep
  8 snapping turtles
  Sigmund (D:3)
  15 water elementals
  5 spriggans (Bailey)
  2 vampires
  3 air elementals
  6 wraiths
  3 shadows
  7 fire elementals
  3 hogs (D:12)
  4 wyverns
  61 yaks
  3 golden eyes (WizLab)
  A yaktaur simulacrum (Vaults:2)
  The ghost of hawla the Chiller, an amateur MeIE (D:4)
  16 vampire mosquitoes
  7 basilisks
  A redback (Vaults:4)
  9 wargs
  4 steam dragons
  Edmund (D:5)
  4 swamp worms (D:13)
  5 acid dragons
  18 hell hounds
  47 nagas
  25 water moccasins
  15 orc warriors
  An ice beast (D:5)
  2 swamp drakes (Lair:5)
  The ghost of Hakkon the Ruffian, an amateur TrCK of Xom (D:3)
  15 black bears
  A sky beast (D:7)
  15 ogres
  2 boggarts
  12 centaurs
  27 wolves
  2 small abominations (D:4)
  3 kobold brigands
  9 bullfrogs
  3 earth elementals
  2 necrophages
  2 gnoll sergeants
  4 scorpions
  4 wights (D:6)
  4 killer bees (D:8)
  3 lindwurm simulacra (IceCv)
  5 electric eels (D:6)
  2 howler monkeys
  4 hounds
  9 komodo dragon simulacra (IceCv)
  32 orc priests
  An iron imp (D:4)
  8 iguanas
  Ijyb (D:5)
  Terence (D:3)
  Natasha (thrice) (D:3)
  7 hell rats (Lair:5)
  8 orc wizards
  A boggart skeleton (D:13)
  2 acid dragon simulacra (IceCv)
  8 adders
  17 gnolls
  A shadow imp (D:4)
  A white imp (D:8)
  7 steam dragon simulacra (IceCv)
  A worm (D:4)
  2 dart slugs
  78 orcs
  6 ball pythons
  7 endoplasms
  4 giant cockroaches
  12 goblins
  9 hobgoblins
  10 jackals
  5 quokkas
  9 bats
  17 kobolds
  7 rats
  A spectral orc (D:10)
  A starspawn tentacle (WizLab)
1604 creatures vanquished.

Vanquished Creatures (collateral kills)
  A slime creature (D:12)
1 creature vanquished.

Vanquished Creatures (others)
  Asterion (Snake:1)
  Nessos (D:13)
  A deep elf knight (Elf:2)
  A deep elf archer (Orc:1)
  A wizard (Vaults:3)
  2 deep elf pyromancers
  A deep elf zephyrmancer (Elf:3)
  A rime drake (IceCv)
  A merfolk (Shoals:1)
  18 fungi
  122 plants
  3 starspawn tentacles (WizLab)
153 creatures vanquished.

Grand Total: 1758 creatures vanquished

Notes
Turn   | Place    | Note
-------+----------+-------------------------------------------
     0 | D:1      | LustLizard the Minotaur Monk began the quest for the Orb.
     0 | D:1      | Reached XP level 1. HP: 19/19 MP: 0/0
   241 | D:1      | Reached skill level 4 in Axes
   302 | D:1      | Reached XP level 2. HP: 21/27 MP: 1/1
  1152 | D:1      | Reached skill level 1 in Throwing
  1152 | D:1      | Reached XP level 3. HP: 33/33 MP: 2/2
  1293 | D:2      | Found a faded altar of an unknown god.
  1757 | D:2      | Reached skill level 5 in Axes
  1757 | D:2      | Reached XP level 4. HP: 40/40 MP: 3/3
  2165 | D:3      | Noticed Natasha
  2174 | D:3      | Killed Natasha
  2620 | D:3      | Found a large runed translucent door.
  2620 | D:3      | Found a large runed translucent door.
  2624 | D:3      | Noticed Hakkon's ghost (amateur TrCK)
  2631 | D:3      | Noticed Terence
  2646 | D:3      | Killed Terence
  2647 | D:3      | Reached XP level 5. HP: 40/47 MP: 4/4
  2706 | D:3      | Noticed Sigmund
  2736 | D:3      | Killed Sigmund
  2737 | D:3      | Reached skill level 5 in Fighting
  2737 | D:3      | Reached skill level 6 in Axes
  2737 | D:3      | Reached XP level 6. HP: 13/56 MP: 5/5
  3045 | D:3      | Noticed Natasha
  3050 | D:3      | Killed Natasha
  3315 | D:3      | Noticed Natasha
  3324 | D:3      | Killed Natasha
  3610 | D:4      | Found a transporter.
  3654 | D:4      | Found a one-way gate to the infinite horrors of the Abyss.
  3711 | D:4      | Found a transporter.
  3711 | D:4      | Noticed hawla's ghost (amateur MeIE)
  3810 | D:4      | Reached skill level 7 in Axes
  4019 | D:4      | Noticed a small abomination
  4217 | D:5      | Entered Level 5 of the Dungeon
  4217 | D:5      | Noticed Ijyb
  4280 | D:5      | Reached XP level 7. HP: 29/62 MP: 6/6
  4505 | D:5      | Found a staircase to the Ecumenical Temple.
  4514 | Temple   | Entered the Ecumenical Temple
  4727 | Temple   | Became a worshipper of Cheibriados the Contemplative
  4727 | Temple   | Reached * piety under Cheibriados
  4727 | Temple   | Reached ** piety under Cheibriados
  4924 | D:5      | Killed Ijyb
  5034 | D:5      | Found a bloodstained altar of Trog.
  5099 | D:5      | Reached skill level 8 in Axes
  5178 | D:5      | Noticed Edmund
  5195 | D:5      | Killed Edmund
  5196 | D:5      | Reached XP level 8. HP: 54/71 MP: 7/7
  5263 | D:5      | Reached skill level 9 in Axes
  5696 | D:5      | Found a sparkling altar of Nemelex Xobeh.
  6608 | D:6      | Reached *** piety under Cheibriados
  7005 | D:6      | Reached skill level 1 in Armour
  7005 | D:6      | Reached skill level 1 in Shields
  7187 | D:6      | Reached skill level 1 in Evocations
  7741 | D:6      | Reached skill level 10 in Axes
  8232 | D:6      | Found an iron altar of Okawaru.
  8232 | D:6      | Noticed Prince Ribbit
  8234 | D:6      | Found a white marble altar of Elyvilon.
  8457 | D:6      | Found a hazy altar of Hepliaklqana.
  8522 | D:6      | Reached XP level 9. HP: 29/79 MP: 8/8
  8886 | D:7      | Found a flagged portal.
  8898 | Bailey   | Entered a bailey
  9047 | Bailey   | Reached **** piety under Cheibriados
  9058 | Bailey   | Reached skill level 11 in Axes
  9195 | Bailey   | Noticed a two-headed ogre
  9210 | Bailey   | Reached skill level 5 in Dodging
  9218 | Bailey   | Killed a two-headed ogre
  9219 | Bailey   | Reached XP level 10. HP: 68/90 MP: 9/9
 10303 | D:8      | Noticed an elephant
 10303 | D:8      | Found a staircase to the Lair.
 10383 | D:6      | Killed Prince Ribbit
 10384 | D:6      | Reached skill level 1 in Invocations
 10526 | D:8      | Killed an elephant
 10527 | D:8      | Reached skill level 5 in Armour
 10538 | D:8      | Reached skill level 5 in Shields
 10549 | D:8      | Reached skill level 12 in Axes
 10642 | D:8      | Got Juorpho's Collected Works on Unholy Magic and Moulding
 10884 | D:8      | Found a runed translucent door.
 10919 | D:8      | Reached ***** piety under Cheibriados
 10948 | D:8      | Noticed a two-headed ogre
 10958 | D:8      | Killed a two-headed ogre
 11128 | D:8      | Found a burning altar of Makhleb.
 11191 | D:8      | Found a shimmering blue altar of Sif Muna.
 11374 | D:8      | Noticed bnorton916's ghost (novice DEFE)
 11374 | D:8      | Noticed a wolf spider
 11483 | D:9      | Noticed an orange demon
 11483 | D:9      | Noticed Amaemon
 11964 | D:9      | Killed Amaemon
 11965 | D:9      | Reached XP level 11. HP: 29/97 MP: 11/13
 12354 | D:9      | Noticed Maurice
 12383 | D:9      | HP: 2/93 [Maurice/+3 dagger of draining (3)]
 12388 | D:9      | Killed Maurice
 12941 | D:9      | Reached skill level 13 in Axes
 13021 | D:9      | Noticed a two-headed ogre
 13031 | D:9      | Killed a two-headed ogre
 13032 | D:9      | Reached skill level 5 in Invocations
 13926 | D:10     | Entered Level 10 of the Dungeon
 14197 | D:10     | Noticed Gastronok
 14214 | D:10     | Killed Gastronok
 14215 | D:10     | Reached skill level 10 in Fighting
 14408 | D:10     | Noticed Sonja
 14416 | D:10     | Killed Sonja
 14551 | D:10     | Found a basalt altar of Yredelemnul.
 14667 | D:10     | Noticed Urug
 14675 | D:10     | Killed Urug
 14676 | D:10     | Reached XP level 12. HP: 81/106 MP: 15/15
 14806 | D:10     | Identified the +7 quarterstaff of Meapowecs {pain, rElec
                  | Str+4}
 15312 | D:11     | Found an ancient bone altar of Kikubaaqudgha.
 15355 | D:11     | Reached skill level 14 in Axes
 15394 | D:11     | Noticed Fannar
 15405 | D:11     | Killed Fannar
 15405 | D:11     | Reached ****** piety under Cheibriados
 15651 | D:11     | Found a staircase to the Orcish Mines.
 16825 | D:3      | Killed Hakkon's ghost
 16879 | Abyss:1  | Cast into level 1 of the Abyss (gnoll)
 16957 | Abyss:1  | Noticed a bone dragon
 16963 | Abyss:1  | Noticed a rakshasa
 16975 | Abyss:1  | Found a corrupted altar of Lugonu.
 16977 | D:4      | Escaped the Abyss
 16981 | D:4      | Killed hawla's ghost
 17676 | D:12     | Found a flickering gateway to a bazaar.
 17686 | Bazaar   | Entered a bazaar
 17746 | Bazaar   | Found Tifilul's Antique Armour Shop.
 17762 | Bazaar   | Found Nuih's Weapon Shoppe.
 17766 | Bazaar   | Found Ydemen's Assorted Antiques.
 17771 | Bazaar   | Found Aveah's Distillery.
 17786 | Bazaar   | Found Adwu's Assorted Antiques.
 17793 | Bazaar   | Bought a scroll labelled CANYRGH XEUNG for 27 gold pieces
 17820 | Bazaar   | Bought a translucent chain mail for 228 gold pieces
 17820 | Bazaar   | Identified the +1 chain mail of Yzaedwetz {rN+ Will+ Regen+
                  | Int-3} (You bought it in a shop in a bazaar)
 17847 | Bazaar   | Bought a scroll of enchant weapon for 172 gold pieces
 17854 | Bazaar   | Bought a potion of might for 68 gold pieces
 17854 | Bazaar   | Bought a potion of mutation for 136 gold pieces
 18073 | D:12     | Noticed Kirke
 18081 | D:12     | Killed Kirke
 18238 | Lair:1   | Entered Level 1 of the Lair of Beasts
 18379 | Lair:1   | Noticed a four-headed hydra
 18389 | Lair:1   | Killed a one-headed hydra
 18482 | Lair:1   | Noticed a five-headed hydra
 18490 | Lair:1   | Killed a two-headed hydra
 19104 | Lair:2   | Reached skill level 15 in Axes
 19199 | Lair:2   | Found a staircase to the Snake Pit.
 19204 | Lair:2   | Reached XP level 13. HP: 110/116 MP: 18/18
 20233 | Lair:3   | Found a staircase to the Shoals.
 20670 | Lair:4   | Found a staircase to the Slime Pits.
 20825 | Lair:4   | Reached skill level 16 in Axes
 21217 | Lair:4   | Reached skill level 10 in Invocations
 21758 | Lair:5   | Entered Level 5 of the Lair of Beasts
 21783 | Lair:5   | Reached XP level 14. HP: 118/125 MP: 20/20
 21868 | Lair:5   | Found a frozen archway.
 21888 | IceCv    | Entered an ice cave
 22129 | IceCv    | Reached skill level 10 in Armour
 22527 | Lair:5   | Reached skill level 10 in Shields
 22662 | Lair:5   | Reached skill level 10 in Dodging
 22969 | Lair:5   | Reached skill level 17 in Axes
 23709 | Orc:1    | Entered Level 1 of the Orcish Mines
 23861 | Orc:2    | Entered Level 2 of the Orcish Mines
 23868 | Orc:2    | Found Buwil's Weapon Shoppe.
 24380 | Orc:2    | Found Qesih's Distillery.
 24405 | Orc:2    | Found Ugagum's Antique Armour Shoppe.
 24422 | Orc:2    | Found a staircase to the Elven Halls.
 24498 | Orc:2    | Reached XP level 15. HP: 117/134 MP: 22/22
 24758 | Orc:2    | Found Ibuall's Weapon Shop.
 24795 | Orc:2    | Found Wocez's Distillery.
 24926 | Orc:1    | Noticed an orc warlord
 25406 | D:12     | Found a runed translucent door.
 25467 | D:12     | Found Inenil's Assorted Antiques.
 25486 | D:12     | Bought a scroll of enchant armour for 202 gold pieces
 25486 | D:12     | Bought 2 scrolls of teleportation for 162 gold pieces
 25506 | D:12     | Found Tegagato's Armour Emporium.
 25513 | D:12     | Bought a +2 pair of boots of flying for 279 gold pieces
 25622 | D:12     | Found an ancient bone altar of Kikubaaqudgha.
 25748 | D:13     | Found Madet's Antique Armour Boutique.
 25779 | D:13     | Noticed Erolcha
 25816 | D:13     | Killed Erolcha
 25934 | D:13     | Noticed Azrael
 25945 | D:13     | Noticed Nessos
 25947 | D:13     | Reached skill level 18 in Axes
 25951 | D:13     | Killed Azrael
 25971 | D:13     | Killed Nessos
 26309 | D:13     | Found a gate to the Vaults.
 26922 | D:14     | You are sucked into a shaft and drop 1 floor!
 26922 | D:15     | Entered Level 15 of the Dungeon
 26937 | D:15     | Found a runed translucent door.
 26938 | D:15     | Noticed a storm dragon
 26938 | D:15     | Noticed a fire giant
 27580 | D:15     | Found a staircase to the Depths.
 27988 | D:15     | Noticed Jorgrun
 28010 | D:15     | Killed Jorgrun
 28011 | D:15     | Reached XP level 16. HP: 29/145 MP: 24/24
 28197 | D:15     | Found a broken altar of Ashenzari.
 28475 | Shoals:1 | Entered Level 1 of the Shoals
 28500 | Shoals:1 | Reached skill level 5 in Throwing
 28762 | Shoals:1 | Found a transporter.
 28771 | Shoals:1 | Found a transporter.
 28780 | Shoals:1 | Identified the ring "Wikk" {Fly Dex+4}
 28784 | Shoals:1 | Found a transporter.
 28793 | Shoals:1 | Reached skill level 19 in Axes
 28838 | Shoals:1 | Found a transporter.
 28951 | Shoals:1 | Found a transporter.
 28955 | Shoals:1 | Found a transporter.
 29734 | Shoals:2 | Found Jiyfar's Armour Boutique.
 31049 | Shoals:4 | Entered Level 4 of the Shoals
 31076 | Shoals:4 | Identified the +3 plate armour of the Old World {rF+}
 31255 | Shoals:4 | Got a barnacled rune of Zot
 31425 | Shoals:4 | Reached XP level 17. HP: 152/154 MP: 25/25
 31555 | Shoals:4 | Reached skill level 20 in Axes
 31902 | Shoals:4 | Noticed Mlioglotl
 31908 | Shoals:4 | Killed Mlioglotl
 32657 | Snake:1  | Entered Level 1 of the Snake Pit
 32691 | Snake:1  | Noticed Asterion
 32692 | Snake:1  | Noticed Donald
 32699 | Snake:1  | Killed Donald
 32704 | Snake:1  | Killed Asterion
 33551 | Snake:2  | Found Ecitepir's Distillery.
 33558 | Snake:2  | Found Xixeanti's Weapon Shop.
 33580 | Snake:2  | Found Feicuph's Magic Scroll Boutique.
 33588 | Snake:2  | Bought a scroll of blinking for 82 gold pieces
 33588 | Snake:2  | Bought a scroll of blinking for 82 gold pieces
 33657 | Snake:2  | Noticed Aizul
 33668 | Snake:2  | Killed Aizul
 34125 | Snake:2  | Reached skill level 15 in Fighting
 34554 | Snake:3  | Found Ifivath's Book Shoppe.
 34558 | Snake:3  | Found Xului's Assorted Antiques.
 34564 | Snake:3  | Bought a glowing hat for 161 gold pieces
 34564 | Snake:3  | Bought a potion of mutation for 184 gold pieces
 34822 | Snake:3  | Found Iqawu's Antique Weapon Boutique.
 35203 | Snake:4  | Entered Level 4 of the Snake Pit
 35509 | Snake:4  | Reached skill level 10 in Throwing
 35631 | Snake:4  | Reached skill level 21 in Axes
 35643 | Snake:4  | Reached XP level 18. HP: 163/163 MP: 26/26
 35701 | Snake:4  | Reached skill level 5 in Evocations
 35710 | Snake:4  | Noticed Louise
 35732 | Snake:4  | Killed Louise
 35776 | Snake:4  | Got a serpentine rune of Zot
 35939 | Snake:4  | Noticed Vashnia
 35957 | Snake:4  | Killed Vashnia
 36340 | Snake:4  | Identified a scroll of acquirement
 36349 | Snake:4  | Acquired a manual of Axes
 37447 | Vaults:1 | Entered Level 1 of the Vaults
 38058 | Vaults:1 | Reached skill level 22 in Axes
 38374 | Vaults:1 | Identified the +0 ring mail of Cynicism {rC+}
 38469 | Vaults:1 | Noticed Nikola
 38492 | Vaults:1 | Killed Nikola
 39333 | Vaults:2 | Reached XP level 19. HP: 126/172 MP: 27/27
 39481 | Vaults:2 | HP: 5/172 [ironbound frostheart/creeping frost (33)]
 39582 | Vaults:2 | Reached skill level 23 in Axes
 40197 | Vaults:2 | Acquired the ring of Biump {rF++ AC+4 Int-4}
 40282 | Vaults:2 | Reached skill level 15 in Armour
 41134 | Vaults:3 | Noticed Bai Suzhen
 41141 | Vaults:3 | Reached skill level 1 in Spellcasting
 41161 | Vaults:3 | Killed Bai Suzhen
 41220 | Vaults:3 | Noticed Sojobo
 41228 | Vaults:3 | Paralysed by an air elemental for 1 turns
 41231 | Vaults:3 | Paralysed by an air elemental for 1 turns
 41235 | Vaults:3 | Paralysed by an air elemental for 1 turns
 41236 | Vaults:3 | HP: 5/174 [air elemental[Sojobo] (7)]
 41239 | Vaults:3 | Killed Sojobo
 41353 | Vaults:3 | Reached skill level 24 in Axes
 41417 | Vaults:3 | Found a staircase to the Crypt.
 41925 | Vaults:3 | Found a transporter.
 41942 | Vaults:3 | Found a transporter.
 42101 | Vaults:3 | Found Gaybiusk's Assorted Antiques.
 42108 | Vaults:3 | Bought a scroll of enchant weapon for 195 gold pieces
 42108 | Vaults:3 | Bought a scroll of teleportation for 78 gold pieces
 42217 | Vaults:3 | Reached XP level 20. HP: 113/182 MP: 28/28
 42515 | Vaults:3 | Paralysed by a sphinx for 3 turns
 42663 | Vaults:3 | Identified the -1 cloak of Ateatzic {rC++}
 42688 | Vaults:3 | Acquired a manual of Spellcasting
 43034 | Vaults:4 | Reached skill level 25 in Axes
 43034 | Vaults:4 | Reached skill level 15 in Dodging
 43145 | Vaults:4 | Noticed Mennas
 43170 | Vaults:4 | Killed Mennas
 44459 | Elf:1    | Entered Level 1 of the Elven Halls
 44758 | Elf:1    | Got the Discourse on Creation
 44774 | Elf:1    | Identified the +4 short sword "Hydraslayer" {flame, rF+}
 45286 | Elf:2    | Found a huge runed translucent gate.
 45288 | Elf:2    | Found a huge runed translucent gate.
 45288 | Elf:2    | Found a huge runed translucent gate.
 45290 | Elf:2    | Found a huge runed translucent gate.
 45290 | Elf:2    | Found a huge runed translucent gate.
 45409 | Elf:2    | Identified the +5 leather armour of Dramatic Exits {Regen+}
 45453 | Elf:2    | Paralysed by an air elemental for 1 turns
 45724 | Elf:2    | Reached skill level 26 in Axes
 46234 | Elf:3    | Entered Level 3 of the Elven Halls
 46284 | Elf:3    | Found Valuawue's General Store.
 46286 | Elf:3    | Reached XP level 21. HP: 192/192 MP: 29/29
 46317 | Elf:3    | Found Fahior's Jewellery Boutique.
 46320 | Elf:3    | Found a magical portal.
 46332 | WizLab   | Entered Alistair's Party Mansion
 46368 | WizLab   | Reached skill level 5 in Spellcasting
 46902 | WizLab   | Reached skill level 15 in Throwing
 47198 | WizLab   | Got Sif Muna's Commentary on Changed Toxins
 47276 | WizLab   | Acquired 1108 gold pieces
 47415 | Elf:3    | Bought the ring of Zaotilu {*Slow rElec rCorr MP+9 Int+5}
                  | for 667 gold pieces
 47965 | Elf:3    | Identified the +11 sling "Suat" {vorpal, rF+ Will+}
 47985 | Elf:3    | Identified the amulet "Wukh" {RegenMP rF+ rN+ rCorr Stlth+}
 48119 | Elf:3    | Identified the +0 hat of the Wumpus {rElec Str+4}
 48139 | Elf:3    | Identified the ring of Wivenoc {rN+ Will+ MP+9}
 48177 | Elf:3    | Identified the ring "Asaergho" {rPois Will+ Dex+6}
 48700 | Depths:1 | Entered Level 1 of the Depths
 48858 | Depths:1 | Found a sparkling altar of Nemelex Xobeh.
 48998 | Depths:1 | Found a radiant altar of Vehumet.
 49375 | Depths:1 | Found a gateway to Hell.
 49389 | Depths:1 | Found the +8 demon trident "Rift" {distort, reach+}
 49397 | Depths:1 | Identified the +4 chain mail of Ferocious Knowledge {Will+
                  | Int+4 Slay+3}
 49861 | Depths:2 | Reached skill level 27 in Axes
 49968 | Depths:2 | Noticed a caustic shrike
 49985 | Depths:2 | Noticed a golden dragon
 49989 | Depths:2 | Noticed a golden dragon
 49993 | Depths:2 | Killed a caustic shrike
 49994 | Depths:2 | Reached XP level 22. HP: 176/203 MP: 31/31
 50117 | Depths:2 | HP: 8/203 [titan/the air (18)]
 50118 | Depths:2 | Killed from afar by a titan

Illustrated notes

Levels and vault maps discovered:
D:1:      shiori_arrival_whats_in_store_for_you, layout_basic,
          minmay_small_reverse_x
D:2:      layout_loops_ring, hellmonk_ecumenical_altar_blasted
D:3:      layout_basic, ebering_ghost_disaster_area, uniq_sigmund, uniq_terence,
          uniq_natasha
D:4:      layout_loops_ring, gammafunk_ghost_abyssal_escape
D:5:      layout_cave_pools, kennysheep_mini,
          mainiacjoe_overflow_six_doors_small, minmay_temple_entry_glass,
          hangedman_decor_riveting, palyth_stone_intersect, dk_vineyard_1,
          dreamdust_gnoll_farm, uniq_edmund, uniq_ijyb
D:6:      layout_basic, nicolae_hepliaklqana_hippocampus,
          nicolae_overflow_hidden_temple, chequers_big_river, minivault_14,
          uniq_prince_ribbit1
D:7:      layout_loops_ring, enter_bailey_3, grunt_decor_junction
D:8:      layout_basic, led_sif_pool, marbit_many_paths, david_lair_generic,
          ebering_ghost_inner_flame
D:9:      layout_layer_cave, uniq_maurice, uniq_amaemon
D:10:     layout_stronghold, yredelemnul_forgotten_temple_becter,
          uniq_gastronok, uniq_sonja, uniq_urug
D:11:     layout_gridville, david_orc_3, kiku_gazebo_pond_becter, uniq_fannar
D:12:     layout_roguey, serial_shops, bzr_entry_water, nicolae_shop_trees,
          shop, columned_hall_lemuel, nicolae_danse_macabre, uniq_kirke
D:13:     layout_loops_ring, hangedman_vaults_entry_quadrant_bands, special_room
          [special_room_orc], serial_shops, nicolae_take_the_stairs,
          worms_lemuel, uniq_erolcha, uniq_azrael, uniq_nessos
D:14:     layout_basic, nicolae_concentric_dashed_squares_wild
D:15:     grunt_enter_depths_hoard, layout_gridville, ashenzari_altar_1,
          kennysheep_treasure_room, uniq_jorgrun
Temple:   minmay_temple_curvy_branch
Lair:1:   layout_gridlike
Lair:2:   layout_regular_city, minmay_snake_entry_six_corridors,
          nicolae_quartered_pool_medium, small_statue_intersection,
          hangedman_lair_unloving_vines, serial_bayou_shore_b
Lair:3:   layout_gridlike, minmay_shoals_entry_centaurs, grunt_megastairs_2
Lair:4:   layout_cave_pods, slime_entry_1
Lair:5:   guppyfry_lair_end_dragon, layout_regular_city,
          hangedman_lair_caniforms_friends, portal_ice_cave_demonic_guard,
          dpeg_stationary_puzzle
Shoals:1: layout_shoals, serial_nicolae_subway, nicolae_sub_station_stone,
          nicolae_sub_station_crystal, nicolae_sub_station_metal
Shoals:2: layout_shoals, serial_shops, shop, nicolae_shoals_hidden_pirate_stash
Shoals:3: layout_shoals
Shoals:4: shoals_end_grunt_ice, layout_shoals, uniq_mlioglotl
Snake:1:  layout_basic, lemuel_fruit_tree, uniq_donald, uniq_asterion
Snake:2:  layout_cave_shapes, grunt_ministairs_13, minmay_shop_star,
          grunt_megastairs_4, uniq_aizul
Snake:3:  layout_gridlike, serial_shops, nicolae_shop_hallway_plus,
          grunt_ministairs_12, abandoned_shop, nrook_loot_triangle,
          minmay_shoptagon
Snake:4:  minmay_snake_end_coiled, layout_layer_cave, nicolae_snake_lava_pool,
          uniq_louise, uniq_vashnia
Orc:1:    layout_diamond_mine, basic_altar, elf_legates
Orc:2:    st_orc_town, layout_caves, serial_shops, shop
Elf:1:    layout_loops_ring, minmay_elf_demonology
Elf:2:    elven_hall_of_blades_hangedman_alternative
          [nicolae_blade_entry_diamond_columns], layout_loops_cross,
          grunt_ministairs_7
Elf:3:    minmay_elf_hall, layout_geoelf_diagonals, serial_shops, shop, shop,
          mu_enter_wizlab_1, grunt_ministairs_14
Vaults:1: vaults_dpeg_doors, st_check, hangedman_vaults_slice,
          nicolae_vaults_yaktaur_gun_rack, nicolae_vaults_big_angled_halls,
          nicolae_vaults_triangles, layout_vaults_omnigrid, uniq_nikola
Vaults:2: nicolae_vaults_theta, ontoclasm_vaults_decontamination,
          ontoclasm_vaults_misaligned, nicolae_vaults_disjoint_gnomons,
          dpeg_vaults_pockets_of_resistance, vaults_room_pool,
          hangedman_vaults_snaps, v_misc_10, nicolae_vaults_disjoint_gnomons,
          vaults_room_pools, ontoclasm_vaults_spin,
          nicolae_vaults_circle_grid_a, nicolae_vaults_rhombus_7, v_misc_9,
          ontoclasm_vaults_pinch, layout_vaults_maze
Vaults:3: minmay_crypt_entry_simple_plaza, gammafunk_the_bubble
          [the_bubble_gammafunk_crates], ontoclasm_vaults_ligature,
          nicolae_vaults_network_quinsquares
          [nicolae_vaults_network_quincunx_subvault,
          nicolae_vaults_network_quincunx_subvault,
          nicolae_vaults_network_quincunx_subvault,
          nicolae_vaults_network_quincunx_subvault],
          nicolae_vaults_angled_halls, nicolae_vaults_circle_grid_b,
          nicolae_vaults_little_squares_3, nicolae_vaults_ninety_degrees,
          ontoclasm_vaults_eye, vaults_dpeg_emergency_exit,
          layout_vaults_omnicross, serial_shops, nicolae_shop_window_shopping,
          uniq_bai_suzhen, uniq_sojobo
Vaults:4: vaults_standard_mumra_x, nicolae_vaults_stairing_the_circle,
          hangedman_vaults_hat, v_misc_14, v_alt_pattern_6, v_misc_32,
          hangedman_vaults_stitches, grunt_vaults_diagonal,
          hangedman_vaults_impose, ontoclasm_vaults_fault, layout_vaults_ring,
          uniq_mennas
Depths:1: layout_basic, fiery_altar_vehumet, hellmouth_2,
          nemelex_lonely_heart_becter
Depths:2: minmay_the_grid_square_5x5_5x5_mashed
          [minmay_the_grid_square_5x5_one_wall,
          minmay_the_grid_square_5x5_three_small,
          minmay_the_grid_square_5x5_slash, minmay_the_grid_square_5x5_moneybag,
          minmay_the_grid_square_5x5_six_small, minmay_the_grid_square_5x5_mess,
          minmay_the_grid_square_5x5_prize_pseudospiral,
          minmay_the_grid_square_5x5_percent,
          minmay_the_grid_square_5x5_prize_open,
          minmay_the_grid_square_5x5_misaligned,
          minmay_the_grid_square_5x5_gyroscope,
          minmay_the_grid_square_5x5_hollow_slash,
          minmay_the_grid_square_5x5_prize_deathbox,
          minmay_the_grid_square_5x5_n_small,
          minmay_the_grid_square_5x5_fancy_junction,
          minmay_the_grid_square_5x5_longway,
          minmay_the_grid_square_5x5_prize_monsterx,
          minmay_the_grid_square_5x5_broken_cross,
          minmay_the_grid_square_5x5_prize_itemx,
          minmay_the_grid_square_5x5_eight, minmay_the_grid_square_5x5_meh,
          minmay_the_grid_square_5x5_v, minmay_the_grid_square_5x5_two_walls_a,
          minmay_the_grid_square_5x5_shrine2, minmay_the_grid_square_5x5_z],
          layout_twisted_cross, serial_glass, glass_columns_a, glass_columns_b,
          rand_demon_pan_entry_1, ebering_ghost_gozag, hangedman_geh_valley,
          infiniplex_staircase_pillars_3a

Skill      XL: |  1  2  3  4  5  6  7  8  9 10 11 12 13 14 15 16 17 18 19 20 21 22 |
---------------+-------------------------------------------------------------------+-----
Axes           | 4 5 6 7 8 10 11 12 13 15 16 17 18 19 21 22 24 26 27 | 27.0
Fighting       | 4 5 6 7 8 9 10 11 12 13 14 15 16 17 18 | 18.5
Throwing       | 1 2 3 4 7 10 11 13 14 16 | 16.3
Armour         | 2 4 5 7 8 9 10 11 12 13 14 15 | 15.0
Shields        | 2 4 5 7 8 9 10 11 12 13 | 13.0
Evocations     | 1 3 4 6 7 8 9 |  9.9
Dodging        | 4 5 6 7 8 9 10 11 12 13 14 15 16 | 16.4
Invocations    | 4 6 8 10 11 13 | 13.0
Spellcasting   | 2 4 6 7 |  7.3
Stealth        | |  1.5

Action                   |  1- 3 |  4- 6 |  7- 9 | 10-12 | 13-15 | 16-18 | 19-21 | 22-24 || total
-------------------------+-------+-------+-------+-------+-------+-------+-------+-------++-------
Melee: Hand axe          |    95 |   119 |       |       |       |       |       |       ||   214
       Headbutt          |    13 |    28 |    34 |   153 |   310 |   424 |   477 |    14 ||  1453
       Punch             |       |     1 |     1 |       |       |       |       |       ||     2
       War axe           |       |    40 |   169 |   534 |  1096 |  1213 |  1374 |    38 ||  4464
Throw: Dart              |       |       |    56 |    20 |       |       |       |       ||    76
       Stone             |       |       |    26 |    23 |    11 |       |       |       ||    60
       Javelin           |       |       |     1 |     3 |       |       |       |       ||     4
       Boomerang         |       |       |       |       |       |    22 |    92 |    22 ||   136
Invok: Slouch            |       |       |       |       |       |    18 |    22 |     7 ||    47
       Step From Time    |       |       |       |       |       |     4 |     4 |       ||     8
       Bend Time         |       |       |       |       |       |       |     1 |       ||     1
  Use: Scroll            |       |     2 |     3 |    19 |    17 |     9 |    15 |     1 ||    66
       Potion            |       |       |     4 |    13 |     3 |     2 |     9 |       ||    31
Armor: Scale mail        |    48 |    19 |       |       |       |       |       |       ||    67
       Leather armour    |     2 |       |       |       |       |       |       |       ||     2
       Chain mail        |       |    52 |    69 |   202 |   173 |   189 |   214 |     8 ||   907
Dodge: Dodged            |    56 |    60 |    94 |   282 |   459 |   591 |   676 |    22 ||  2240
Block: Buckler           |       |       |    15 |     8 |       |       |       |       ||    23
       Kite shield       |       |       |       |   399 |   905 |  1424 |  1388 |    42 ||  4158
       Reflection        |       |       |       |       |    37 |   135 |   113 |     2 ||   287
